montu, chaotic male human Wizard * --------- ------ # |_......| ----------- |....| ---.-# ` #####.....>..| |.........| |....|##############-.... *# ------|-- |.......<.| |....|# |....## # |.........| |....|# -.---# ### |.........| |....|# # ## # |.........| ##.....|# ### # ### |.........| # --.---# # # # --------|-- ### # ### ############# ### ### #### # # #-------+.--# # ------.----- # ### ### ###..........|# ######+..........| ### # -+-|---- ###|.........|# # |..........| # # ### |.......# ##......[...|# ##...........| -|---.-- # |.....%|### |..).......# |..........| |.......## |....%%.# -------.-.-########+..........| |......| --------# # |..........| |......-###########)[#%### ------------ -------- montu the Thaumaturge Experience level: 6 Strength: 9 Dexterity: 15 Constitution: 15 Intelligence: 18 Wisdom: 11 Charisma: 10 Health: 0(64) Energy: 46(50) Def: 4 Gold: 164 Moves: 3038 Dungeon seed: V1sE3Ifej_J379JF Game ID: montu_1680452272 Your Inventory: Coins $ - 164 gold pieces Weapons a - a blessed +1 quarterstaff (weapon in hands) D - the blessed +0 Demonbane Armor r - an uncursed +0 studded leather armor (being worn) z - an uncursed +0 pair of water walking boots (being worn) Comestibles j - 2 uncursed food rations F - an uncursed tripe ration Scrolls x - an uncursed scroll of blank paper Potions k - an uncursed potion of monster detection Rings E - an uncursed ring of see invisible Wands b - an uncursed wand of striking (0:2) s - an uncursed wand of slow monster (0:4) Tools h - an uncursed blindfold v - an uncursed can of grease (0:25) Gems n - 3 uncursed worthless pieces of yellow glass y - an uncursed worthless piece of yellowish brown glass Spells and supernatural/magical abilities: Name Level Category Cost Memory a - force bolt 1 attack 8pw 95% c - cause fear 3 enchantment 25pw 95% h - healing 1 healing 12pw 95% m - magic missile 2 attack 16pw 95% r - remove curse 3 clerical 37pw 96% W - pray for help -- divine ? -- Your skills at the end: Fighting Skills wands [Basic] Weapon Skills quarterstaff [Skilled] Spellcasting Skills attack spells [Basic] enchantment spells [Basic] Final Attributes: You were piously aligned. You were blinded. You could walk on water. You last prayed 422 turns ago. Anhur was noncommittal. You are dead. Vanquished creatures: a small mimic a rock piercer a rock mole 2 yellow lights 2 violet fungi an elf zombie 4 giant ants a floating eye 7 hill orcs a rothe a rabid rat a centipede an iguana 4 acid blobs 2 coyotes a hobbit 2 giant rats a cave spider a brown mold 2 yellow molds 4 jackals a fox a kobold 3 goblins 4 grid bugs 2 bats 4 lichens 2 kobold zombies 5 newts 63 creatures vanquished. Voluntary challenges: You had been an atheist until turn 2059. You used a wielded weapon 89 times, starting on turn 183. You read items or engraved 41 times, starting on turn 492. You never genocided any monsters. You never polymorphed an object. You never changed form. You used no wishes. You never split a pudding. You wrote Elbereth's name 25 times, starting on turn 2200. You never violated your personal moral code. Dungeon overview: The Dungeons of Doom: levels 1 to 5 Level 1 a fountain, a vault a long staircase Level 2 an armor shop, a vault Level 3 a fountain a long staircase Level 4 a general store, a fountain Level 5 <- You were here an altar to Thoth History has recorded: On T:1 you entered the Dungeons of Doom to retrieve the Amulet of Yendor! On T:379 you reached level 2 of The Dungeons of Doom. On T:724 you advanced to experience level 2. On T:873 you reached level 3 of The Dungeons of Doom. On T:981 you advanced to experience level 3. On T:1387 you reached level 4 of The Dungeons of Doom. On T:1773 you advanced to experience level 4. On T:1897 you reached level 5 of The Dungeons of Doom. On T:2207 you advanced to experience level 5. On T:2821 you advanced to experience level 6. Score breakdown: Gold: 164 ( 7543 points) Experience: 6 levels (12456 points) Exploration: 5 levels ( 11.11%) ( 9045 points) Discoveries: 9 items ( 3.02%) ( 5213 points) Valuables value: (no points given unless you survive) Artifact value: 2500 (11559 points) Variety of kills: 29 monsters ( 7.63%) ( 8287 points) Turncount: 3038 turns ( -618 points) Survival: died (score multiplied by 80%) Total score: 42788 Latest messages: She seduces you and you take off your cloak. She stole a blessed +0 cloak of magic resistance. You attack thin air. Use the 'moveonly' command to move into a remembered wall. Health restored. You stop searching. [26 turns] You hear a distant zap. You stop searching. The wand hits you! [27 turns] You hear a distant zap. You stop searching. The wand hits you! You hear a distant zap. The wand hits you! You hear a distant zap. The wand hits you! You hear a distant zap. The wand hits you! You hear a distant zap. The wand hits you! You die... Final status: Goodbye montu the Wizard, killed by a water nymph's wand... You died in The Dungeons of Doom on dungeon level 5 with 42788 points, and 164 pieces of gold, after 3038 moves. You were level 6 with a maximum of 64 hit points when you died.